[Event "GambitGuide"]
[Site "Internet Chess Club"]
[Date "2014.10.31"]
[Round "1"]
[White "JSBach"]
[Black "GFranco"]
[Result "1-0"]
[ICCResult "Black resigns"]
[WhiteElo "1604"]
[BlackElo "1604"]
[Opening "Vienna: `Frankenstein-Dracula' variation"]
[ECO "C27"]
[NIC "VG.02"]
[Time "11:10:19"]
[TimeControl "120+12"]

1. e4 e5 2. Nc3 Nf6 3. Bc4 Nxe4 4. Qh5 Nd6 5. Bb3 Nc6 6. Nb5 g6 7. Qf3 f5 8.
Qd5 Qe7 9. Nxc7+ Kd8 10. Nxa8 b6 11. d3 Bb7 12. Nxb6 axb6 13. Qf3 Nd4 14.
Qh3 h5 15. Be3 f4 16. Bxd4 exd4+ 17. Ne2 Bh6 18. Kf1 Re8 19. Nxd4 Nf5 20.
Nf3 Qe2+ 21. Kg1 d5 22. Ba4 Re7 23. Rf1 Bc8 24. Bc6 g5 25. Qxh5 {Black
resigns} 1-0

[Event "GambitGuide"]
[Site "Internet Chess Club"]
[Date "2014.10.31"]
[Round "1"]
[White "JSBach"]
[Black "Fianchettoed"]
[Result "1/2-1/2"]
[ICCResult "Game drawn by repetition"]
[WhiteElo "1604"]
[BlackElo "1450"]
[Opening "Vienna: `Frankenstein-Dracula' variation"]
[ECO "C27"]
[NIC "VG.02"]
[Time "11:10:46"]
[TimeControl "120+12"]

1. e4 e5 2. Nc3 Nf6 3. Bc4 Nxe4 4. Qh5 Nd6 5. Bb3 Nc6 6. Nb5 g6 7. Qf3 f5 8.
Qd5 Qe7 9. Nxc7+ Kd8 10. Nxa8 b6 11. d3 Bb7 12. Nxb6 axb6 13. Qf3 e4 14.
dxe4 Nxe4 15. Be3 Bg7 16. Bxb6+ Kc8 17. Qe3 Qb4+ 18. c3 Qb5 19. f3 Nxc3 20.
bxc3 Bxc3+ 21. Qxc3 Qxb6 22. Qxh8+ Kc7 23. Rc1 Qb4+ 24. Kd1 Ba6 25. Qxh7 Qb5
26. Bc4 Qa4+ 27. Bb3 Qb5 28. Bc4 Qa4+ 29. Bb3 Qb5 30. Bc4 Qa4+ 31. Bb3 Qb5
32. Bc4 Qa4+ 33. Bb3 Qd4+ 34. Kc2 Qd3+ 35. Kb2 Qd4+ 36. Rc3 Qd2+ 37. Rc2
Qd4+ 38. Kc1 Qe3+ 39. Kb2 Qd4+ 40. Kc1 Qe3+ 41. Kb2 Qd4+ 42. Kc1 Qe3+ 43.
Kb2 Qd4+ 44. Kc1 Qe3+ 45. Kb2 Qd4+ 46. Kc1 Qe3+ 47. Kb2
{Game drawn by repetition}
1/2-1/2

[Event "GambitGuide"]
[Site "Internet Chess Club"]
[Date "2014.10.31"]
[Round "1"]
[White "JSBach"]
[Black "Sunny2002"]
[Result "1-0"]
[ICCResult "Black resigns"]
[WhiteElo "1604"]
[BlackElo "1164"]
[Opening "Vienna: `Frankenstein-Dracula' variation"]
[ECO "C27"]
[NIC "VG.02"]
[Time "11:11:43"]
[TimeControl "120+12"]

1. e4 e5 2. Nc3 Nf6 3. Bc4 Nxe4 4. Qh5 Nd6 5. Bb3 Nc6 6. Nb5 g6 7. Qf3 f5 8.
Qd5 Qe7 9. Nxc7+ Kd8 10. Nxa8 b6 11. d3 Bb7 12. Nxb6 axb6 13. Qf3 Nd4 14.
Qh3 f4 15. Ba4 b5 16. Bb3 Bg7 17. Ne2 e4 18. Nxd4 Bxd4 19. O-O e3 20. fxe3
Bxe3+ 21. Kh1 Qg5 22. Re1 Re8 23. a4 Nf5 24. axb5 f3 25. gxf3 Nh4 26. Bxe3
Rxe3 27. Rxe3 Bxf3+ 28. Rxf3 Nxf3 29. Qxf3 {Black resigns} 1-0

[Event "GambitGuide"]
[Site "Internet Chess Club"]
[Date "2014.10.31"]
[Round "1"]
[White "JSBach"]
[Black "Little-Fish"]
[Result "1-0"]
[ICCResult "Black resigns"]
[WhiteElo "1604"]
[BlackElo "1537"]
[Opening "Vienna: `Frankenstein-Dracula' variation"]
[ECO "C27"]
[NIC "VG.02"]
[Time "11:12:51"]
[TimeControl "120+12"]

1. e4 e5 2. Nc3 Nf6 3. Bc4 Nxe4 4. Qh5 Nd6 5. Bb3 Nc6 6. Nb5 g6 7. Qf3 f5 8.
Qd5 Qe7 9. Nxc7+ Kd8 10. Nxa8 b6 11. d3 Bb7 12. Nxb6 axb6 13. Qf3 Na5 14.
Qh3 Nxb3 15. axb3 e4 16. d4 Bg7 17. Be3 Nb5 18. c3 Bd5 19. c4 Qb4+ 20. Bd2
Qxb3 21. Qxb3 {Black resigns} 1-0

[Event "GambitGuide"]
[Site "Internet Chess Club"]
[Date "2014.10.31"]
[Round "1"]
[White "JSBach"]
[Black "Little-Fish"]
[Result "1-0"]
[ICCResult "Black resigns"]
[WhiteElo "1604"]
[BlackElo "1537"]
[Opening "Vienna: `Frankenstein-Dracula' variation"]
[ECO "C27"]
[NIC "VG.02"]
[Time "11:13:37"]
[TimeControl "120+12"]

1. e4 e5 2. Nc3 Nf6 3. Bc4 Nxe4 4. Qh5 Nd6 5. Bb3 Nc6 6. Nb5 g6 7. Qf3 f5 8.
Qd5 Qe7 9. Nxc7+ Kd8 10. Nxa8 b6 11. d3 Bb7 12. Nxb6 axb6 13. Qf3 Na5 14.
Qe3 Nxb3 15. axb3 e4 16. Qxb6+ Ke8 17. d4 Kf7 18. Ra7 Bc6 19. Bg5 Qe6 20.
Qxc6 {Black resigns} 1-0

[Event "GambitGuide"]
[Site "Internet Chess Club"]
[Date "2014.10.31"]
[Round "1"]
[White "JSBach"]
[Black "JavaBean"]
[Result "1-0"]
[ICCResult "Black checkmated"]
[WhiteElo "1604"]
[BlackElo "1330"]
[Opening "Vienna: `Frankenstein-Dracula' variation"]
[ECO "C27"]
[NIC "VG.02"]
[Time "11:10:17"]
[TimeControl "120+12"]

1. e4 e5 2. Nc3 Nf6 3. Bc4 Nxe4 4. Qh5 Nd6 5. Bb3 Nc6 6. Nb5 g6 7. Qf3 f5 8.
Qd5 Qe7 9. Nxc7+ Kd8 10. Nxa8 b6 11. d3 Bb7 12. Nxb6 axb6 13. Qf3 Bg7 14.
Qg3 Bf6 15. Be3 b5 16. Bc5 Kc7 17. Ne2 Qf8 18. Nc3 Be7 19. Bxd6+ Bxd6 20.
Nxb5+ Kc8 21. Bd5 Bb8 22. Qh4 Qe7 23. Qxe7 Nxe7 24. Bxb7+ Kxb7 25. a4 Nc6
26. Rb1 Kc8 27. b4 Re8 28. a5 Nd4 29. c4 Re6 30. h3 h5 31. h4 e4 32. Nxd4
Rd6 33. Nb5 Rxd3 34. a6 Bc7 35. a7 Kb7 36. Ra1 Ka8 37. Nxc7+ Kb7 38. a8=Q+
Kb6 39. Qb8+ Kc6 40. Ra6# {Black checkmated} 1-0

[Event "GambitGuide"]
[Site "Internet Chess Club"]
[Date "2014.10.31"]
[Round "1"]
[White "JSBach"]
[Black "KingsizePawn"]
[Result "1-0"]
[ICCResult "Black resigns"]
[WhiteElo "1604"]
[BlackElo "1525"]
[Opening "Vienna: `Frankenstein-Dracula' variation"]
[ECO "C27"]
[NIC "VG.02"]
[Time "11:12:52"]
[TimeControl "120+12"]

1. e4 e5 2. Nc3 Nf6 3. Bc4 Nxe4 4. Qh5 Nd6 5. Bb3 Nc6 6. Nb5 g6 7. Qf3 f5 8.
Qd5 Qe7 9. Nxc7+ Kd8 10. Nxa8 b6 11. d3 Bb7 12. Nxb6 axb6 13. Qf3 Nd4 14.
Qg3 Nxb3 15. axb3 Kc7 16. Bg5 Qf7 17. Qxe5 Bg7 18. Qg3 h6 19. Be3 g5 20.
Bxb6+ Kxb6 21. Qxd6+ Bc6 22. Ne2 Qd5 23. Qa3 Ra8 24. Qb4+ Kc7 25. Rxa8 Bxa8
26. f3 {Black resigns} 1-0

[Event "GambitGuide"]
[Site "Internet Chess Club"]
[Date "2014.10.31"]
[Round "1"]
[White "JSBach"]
[Black "asithink"]
[Result "1-0"]
[ICCResult "Black checkmated"]
[WhiteElo "1604"]
[BlackElo "2044"]
[Opening "Vienna: `Frankenstein-Dracula' variation"]
[ECO "C27"]
[NIC "VG.02"]
[Time "11:10:42"]
[TimeControl "120+12"]

1. e4 e5 2. Nc3 Nf6 3. Bc4 Nxe4 4. Qh5 Nd6 5. Bb3 Nc6 6. Nb5 g6 7. Qf3 f5 8.
Qd5 Qe7 9. Nxc7+ Kd8 10. Nxa8 b6 11. d3 Bb7 12. Nxb6 axb6 13. Qf3 Nd4 14.
Qg3 f4 15. Qg4 Rg8 16. Ba4 h5 17. Qh3 b5 18. Bb3 Nxb3 19. axb3 Qf7 20. Bd2
g5 21. Nf3 Bg7 22. Nxg5 Qf6 23. Qxh5 Rh8 24. Qg4 Bh6 25. Bb4 Bxg5 26. Bxd6
Rh4 27. Bxe5 Rxg4 28. Bxf6+ Bxf6 29. h3 Rxg2 30. Ra7 Bc6 31. Rf1 Bxb2 32.
Ke2 Bd4 33. Ra6 f3+ 34. Ke1 Bc3+ 35. Kd1 Rh2 36. Ra7 Rxh3 37. Ra6 Rh2 38.
Ra3 Kc7 39. Ra6 b4 40. Ra5 Kb6 41. Rf5 Bd4 42. Rf4 Bxf2 43. Rxb4+ Kc7 44.
Rf4 Bc5 45. Rf7 Be3 46. R1xf3 Bxf3+ 47. Rxf3 Bb6 48. b4 Kc6 49. c3 d6 50.
Rg3 Rb2 51. Rf3 Bd8 52. Rf5 Bh4 53. Rf7 Bg5 54. d4 Bd2 55. Rf3 Kb5 56. Rd3
Bf4 57. Rf3 Bh2 58. Kc1 Re2 59. Rf5+ Kc4 60. Kd1 Rg2 61. Rf3 Rg3 62. Rxg3
Bxg3 63. Kd2 Bh4 64. d5 Kxd5 65. Kd3 Be1 66. c4+ Kc6 67. b5+ Kc5 68. Ke2 Ba5
69. Kd3 Bb6 70. Kc3 Bd8 71. Kb3 Bf6 72. Ka4 Kxc4 73. b6 Bd8 74. b7 Bc7 75.
Ka3 d5 76. Ka2 Kc3 77. Kb1 Kd2 78. Ka2 d4 79. Kb2 d3 80. Ka3 Ke2 81. b8=Q d2
82. Qb5+ Ke1 83. Qe8+ Kf1 84. Qd7 Ke1 85. Qe6+ Kf1 86. Qf5+ Ke2 87. Qe6+ Kf1
88. Qc4+ Ke1 89. Qe4+ Kf1 90. Qd3+ Ke1 91. Qe3+ Kd1 92. Kb4 Bd6+ 93. Kc3
Be5+ 94. Qxe5 Kc1 95. Qe3 Kb1 96. Qxd2 Ka1 97. Qb2# {Black checkmated} 1-0

[Event "GambitGuide"]
[Site "Internet Chess Club"]
[Date "2014.10.31"]
[Round "1"]
[White "JSBach"]
[Black "Sunny2002"]
[Result "1-0"]
[ICCResult "Black resigns"]
[WhiteElo "1604"]
[BlackElo "1164"]
[Opening "Vienna: `Frankenstein-Dracula' variation"]
[ECO "C27"]
[NIC "VG.02"]
[Time "11:13:39"]
[TimeControl "120+12"]

1. e4 e5 2. Nc3 Nf6 3. Bc4 Nxe4 4. Qh5 Nd6 5. Bb3 Nc6 6. Nb5 g6 7. Qf3 f5 8.
Qd5 Qe7 9. Nxc7+ Kd8 10. Nxa8 b6 11. d3 Bb7 12. Nxb6 axb6 13. Qf3 Nd4 14.
Qg3 Bg7 15. Bg5 Bf6 16. Bxf6 Qxf6 17. Ba4 b5 18. Bb3 e4 19. dxe4 Nxe4 20.
Qb8+ Ke7 21. Qxb7 Qe5 22. f4 Qd6 23. Rd1 Qb4+ 24. c3 Nc2+ 25. Bxc2 Qxb2 26.
Rxd7+ {Black resigns} 1-0

[Event "GambitGuide"]
[Site "Internet Chess Club"]
[Date "2014.10.31"]
[Round "1"]
[White "JSBach"]
[Black "billysunday1"]
[Result "0-1"]
[ICCResult "White checkmated"]
[WhiteElo "1604"]
[BlackElo "1461"]
[Opening "Vienna: `Frankenstein-Dracula' variation"]
[ECO "C27"]
[NIC "VG.02"]
[Time "11:12:43"]
[TimeControl "120+12"]

1. e4 e5 2. Nc3 Nf6 3. Bc4 Nxe4 4. Qh5 Nd6 5. Bb3 Nc6 6. Nb5 g6 7. Qf3 f5 8.
Qd5 Qe7 9. Nxc7+ Kd8 10. Nxa8 b6 11. d3 Bb7 12. Nxb6 axb6 13. Qf3 Kc7 14.
Bd2 Nd4 15. Qg3 Bg7 16. Bg5 Bf6 17. Bxf6 Qxf6 18. Rc1 Re8 19. a4 e4 20. Kf1
exd3 21. cxd3+ Bc6 22. Bc2 Qe6 23. a5 Nxc2 24. axb6+ Kb7 25. Nf3 Bxf3 26.
Qxf3+ Kxb6 27. Qd1 Nd4 28. g3 Qd5 29. Rg1 Re2 30. Qa4 Rxf2+ 31. Kxf2 Qf3+
32. Ke1 Qe2# {White checkmated} 0-1

[Event "GambitGuide"]
[Site "Internet Chess Club"]
[Date "2014.10.31"]
[Round "1"]
[White "JSBach"]
[Black "panss"]
[Result "1-0"]
[ICCResult "Black checkmated"]
[WhiteElo "1604"]
[BlackElo "1188"]
[Opening "Vienna: `Frankenstein-Dracula' variation"]
[ECO "C27"]
[NIC "VG.02"]
[Time "11:13:15"]
[TimeControl "120+12"]

1. e4 e5 2. Nc3 Nf6 3. Bc4 Nxe4 4. Qh5 Nd6 5. Bb3 Nc6 6. Nb5 g6 7. Qf3 f5 8.
Qd5 Qe7 9. Nxc7+ Kd8 10. Nxa8 b6 11. d3 Bb7 12. Nxb6 axb6 13. Qf3 e4 14.
dxe4 Nxe4 15. Be3 Bg7 16. Bxb6+ Kc8 17. Qe3 Bxb2 18. Rb1 Bc3+ 19. Kd1 Bb4
20. Rb2 Nc3+ 21. Kc1 Qxe3+ 22. fxe3 Ba3 23. Nf3 Bxb2+ 24. Kxb2 Ne4 25. a4
Ba6 26. Rb1 Kb7 27. Bd4 Nxd4 28. exd4 Rc8 29. Bd5+ Kc7 30. c4 Nd6 31. Nd2
Kd8 32. c5 Nb7 33. Kc3 Rc7 34. Rb6 Nxc5 35. dxc5 Rxc5+ 36. Kd4 Ra5 37. Rb4
Ke7 38. Nb3 Rxd5+ 39. Kxd5 Bf1 40. g3 Bg2+ 41. Kd4 Bc6 42. a5 g5 43. Ke5 f4
44. Nd4 fxg3 45. Nxc6+ dxc6 46. a6 Kd7 47. a7 Kc7 48. a8=Q Kd7 49. Rb7#
{Black checkmated}
1-0

[Event "GambitGuide"]
[Site "Internet Chess Club"]
[Date "2014.10.31"]
[Round "1"]
[White "JSBach"]
[Black "Fianchettoed"]
[Result "1-0"]
[ICCResult "Black resigns"]
[WhiteElo "1593"]
[BlackElo "1450"]
[Opening "Vienna: `Frankenstein-Dracula' variation"]
[ECO "C27"]
[NIC "VG.02"]
[Time "11:13:30"]
[TimeControl "120+12"]

1. e4 e5 2. Nc3 Nf6 3. Bc4 Nxe4 4. Qh5 Nd6 5. Bb3 Nc6 6. Nb5 g6 7. Qf3 f5 8.
Qd5 Qe7 9. Nxc7+ Kd8 10. Nxa8 b6 11. d3 e4 12. dxe4 Nxe4 13. Be3 Bg7 14.
O-O-O Qf6 15. c3 Nxc3 16. bxc3 Qxc3+ 17. Bc2 Qb2+ 18. Kd2 Bc3+ 19. Ke2 Ba6+
20. Kf3 Ne5+ 21. Kg3 Qxc2 22. Rc1 Qb2 23. Bg5+ Ke8 24. Nc7+ Kf8 25. Bh6+ Ke7
26. Nxa6 Bd2 27. Bxd2 Qxd2 28. Qxd2 {Black resigns} 1-0

[Event "GambitGuide"]
[Site "Internet Chess Club"]
[Date "2014.10.31"]
[Round "1"]
[White "JSBach"]
[Black "sporkrotator"]
[Result "1-0"]
[ICCResult "Black resigns"]
[WhiteElo "1576"]
[BlackElo "1400"]
[Opening "Vienna: `Frankenstein-Dracula' variation"]
[ECO "C27"]
[NIC "VG.02"]
[Time "11:13:40"]
[TimeControl "120+12"]

1. e4 e5 2. Nc3 Nf6 3. Bc4 Nxe4 4. Qh5 Nd6 5. Bb3 Nc6 6. Nb5 g6 7. Qf3 f5 8.
Qd5 Qe7 9. Nxc7+ Kd8 10. Nxa8 b6 11. d3 Bb7 12. Nxb6 axb6 13. Qf3 e4 14. Qe3
h5 15. Qxb6+ Kc8 16. Be3 exd3 17. O-O-O Bg7 18. Rxd3 Qf6 19. Kd1 f4 20. Bc5
Ne4 21. Ba3 Nxf2+ 22. Qxf2 Ne5 23. Rd6 Qg5 24. Rd2 f3 25. gxf3 Rf8 26. Bxf8
Bxf8 27. Qd4 Qg2 28. Rxg2 {Black resigns} 1-0

[Event "GambitGuide"]
[Site "Internet Chess Club"]
[Date "2014.10.31"]
[Round "1"]
[White "JSBach"]
[Black "Sunny2002"]
[Result "1-0"]
[ICCResult "Black resigns"]
[WhiteElo "1576"]
[BlackElo "1164"]
[Opening "Vienna: `Frankenstein-Dracula' variation"]
[ECO "C27"]
[NIC "VG.02"]
[Time "11:14:54"]
[TimeControl "120+12"]

1. e4 e5 2. Nc3 Nf6 3. Bc4 Nxe4 4. Qh5 Nd6 5. Bb3 Nc6 6. Nb5 g6 7. Qf3 f5 8.
Qd5 Qe7 9. Nxc7+ Kd8 10. Nxa8 b6 11. d3 Bb7 12. Nxb6 axb6 13. Qf3 Nd4 14.
Qh3 f4 15. Ba4 b5 16. Bb3 Bh6 17. c3 N4f5 18. Nf3 e4 19. dxe4 Qxe4+ 20. Kf1
Re8 21. Bxf4 Qe2+ 22. Kg1 Ne4 23. Bg3 Bf4 24. Re1 Qd2 25. Nxd2 {Black
resigns} 1-0

[Event "GambitGuide"]
[Site "Internet Chess Club"]
[Date "2014.10.31"]
[Round "1"]
[White "JSBach"]
[Black "KingsizePawn"]
[Result "1-0"]
[ICCResult "Black resigns"]
[WhiteElo "1576"]
[BlackElo "1525"]
[Opening "Vienna: `Frankenstein-Dracula' variation"]
[ECO "C27"]
[NIC "VG.02"]
[Time "11:14:47"]
[TimeControl "120+12"]

1. e4 e5 2. Nc3 Nf6 3. Bc4 Nxe4 4. Qh5 Nd6 5. Bb3 Nc6 6. Nb5 g6 7. Qf3 f5 8.
Qd5 Qe7 9. Nxc7+ Kd8 10. Nxa8 b6 11. d3 Bg7 12. Nh3 h6 13. Ba4 Bb7 14. Nxb6
axb6 15. Qb3 Kc7 16. O-O Ra8 17. Re1 b5 18. Bxb5 Nxb5 19. Qxb5 Ba6 20. Qd5
Nb4 21. Qxa8 {Black resigns} 1-0

[Event "GambitGuide"]
[Site "Internet Chess Club"]
[Date "2014.10.31"]
[Round "1"]
[White "JSBach"]
[Black "Sagobert"]
[Result "1/2-1/2"]
[ICCResult "Game drawn by repetition"]
[WhiteElo "1576"]
[BlackElo "2300"]
[Opening "Vienna: `Frankenstein-Dracula' variation"]
[ECO "C27"]
[NIC "VG.02"]
[Time "11:11:37"]
[TimeControl "120+12"]

1. e4 e5 2. Nc3 Nf6 3. Bc4 Nxe4 4. Qh5 Nd6 5. Bb3 Nc6 6. Nb5 g6 7. Qf3 f5 8.
Qd5 Qe7 9. Nxc7+ Kd8 10. Nxa8 b6 11. d3 Bb7 12. Nxb6 axb6 13. Qf3 Bg7 14.
Qh3 Nd4 15. Be3 Nf7 16. Ne2 Nxe2 17. Bxb6+ Ke8 18. Kxe2 Ng5 19. Qg3 f4 20.
Qg4 h5 21. Qh4 f3+ 22. Kd1 fxg2 23. Rg1 Bf3+ 24. Kc1 Bh6 25. Be3 Rf8 26. d4
e4 27. Bd5 Qd6 28. Bxg5 Rf4 29. Qxf4 Qxf4+ 30. Bxf4 Bxf4+ 31. Kb1 Bxh2 32.
Rxg2 Bxg2 33. b4 Bg1 34. a4 Bxf2 35. c3 h4 36. Ra2 h3 37. Rxf2 h2 38. Rf1
Bxf1 39. Bxe4 Bd3+ 40. Bxd3 h1=Q+ 41. Kc2 Qg2+ 42. Kb3 Kf7 43. b5 Qd2 44.
Be4 Qd1+ 45. Kb4 Qe1 46. Bd5+ Kf6 47. a5 Qe7+ 48. Ka4 g5 49. b6 Qd6 50. c4
g4 51. Kb5 g3 52. a6 g2 53. Bxg2 Qxd4 54. Bd5 Qb2+ 55. Ka5 Qa3+ 56. Kb5 Qb3+
57. Ka5 Qa3+ 58. Kb5 Qb3+ 59. Ka5 Qa3+ 60. Kb5 Qb3+ 61. Ka5 Qa3+ 62. Kb5
{Game drawn by repetition}
1/2-1/2

[Event "GambitGuide"]
[Site "Internet Chess Club"]
[Date "2014.10.31"]
[Round "1"]
[White "JSBach"]
[Black "nsideurheadbro"]
[Result "1-0"]
[ICCResult "Black resigns"]
[WhiteElo "1576"]
[BlackElo "1184"]
[Opening "Vienna: `Frankenstein-Dracula' variation"]
[ECO "C27"]
[NIC "VG.02"]
[Time "11:13:27"]
[TimeControl "120+12"]

1. e4 e5 2. Nc3 Nf6 3. Bc4 Nxe4 4. Qh5 Nd6 5. Bb3 Nc6 6. Nb5 g6 7. Qf3 f5 8.
Qd5 Qe7 9. Nxc7+ Kd8 10. Nxa8 b6 11. d3 Bb7 12. Nxb6 axb6 13. Qf3 f4 14. Bd2
Bh6 15. Qh3 Bg5 16. Ne2 Nd4 17. Nxd4 exd4+ 18. Kf1 Rf8 19. Re1 Qg7 20. Bb4
Nf5 21. Bxf8 Qxf8 22. Qxh7 Ne3+ 23. fxe3 fxe3+ 24. Qf7 Qd6 25. Kg1 Qc6 26.
Re2 {Black resigns} 1-0

[Event "GambitGuide"]
[Site "Internet Chess Club"]
[Date "2014.10.31"]
[Round "1"]
[White "JSBach"]
[Black "Little-Fish"]
[Result "1-0"]
[ICCResult "Black checkmated"]
[WhiteElo "1576"]
[BlackElo "1537"]
[Opening "Vienna: `Frankenstein-Dracula' variation"]
[ECO "C27"]
[NIC "VG.02"]
[Time "11:14:08"]
[TimeControl "120+12"]

1. e4 e5 2. Nc3 Nf6 3. Bc4 Nxe4 4. Qh5 Nd6 5. Bb3 Nc6 6. Nb5 g6 7. Qf3 f5 8.
Qd5 Qe7 9. Nxc7+ Kd8 10. Nxa8 b6 11. d3 Bb7 12. Nxb6 axb6 13. Qf3 Na5 14.
Qe3 Kc7 15. Nf3 Nxb3 16. axb3 Bg7 17. Ra4 Bc6 18. Rb4 Rb8 19. Bd2 e4 20. Nd4
b5 21. O-O Be5 22. Re1 f4 23. Qe2 e3 24. fxe3 fxe3 25. Qxe3 Re8 26. Nxc6
dxc6 27. Qa7+ Nb7 28. Rbe4 Qd6 29. Bf4 Bxf4 30. Rxe8 Bxh2+ 31. Kh1 Bg3 32.
R8e7+ Kd8 33. Qb6+ Kc8 34. Qxb7+ Kd8 35. Re8# {Black checkmated} 1-0

[Event "GambitGuide"]
[Site "Internet Chess Club"]
[Date "2014.10.31"]
[Round "1"]
[White "JSBach"]
[Black "GROUNDHOGplay"]
[Result "1-0"]
[ICCResult "Black resigns"]
[WhiteElo "1590"]
[BlackElo "1641"]
[Opening "Vienna: `Frankenstein-Dracula' variation"]
[ECO "C27"]
[NIC "VG.02"]
[Time "11:16:53"]
[TimeControl "120+12"]

1. e4 e5 2. Nc3 Nf6 3. Bc4 Nxe4 4. Qh5 Nd6 5. Bb3 Nc6 6. Nb5 g6 7. Qf3 f5 8.
Qd5 Qe7 9. Nxc7+ Kd8 10. Nxa8 b6 11. d3 Bb7 12. Nxb6 axb6 13. Qf3 Bg7 14.
Be3 Nd4 15. Qh3 Kc7 16. Rc1 Nxb3 17. cxb3+ Kb8 18. Bxb6 e4 19. d4 Nb5 20.
Rc4 d5 21. Qg3+ Ka8 22. Ra4+ {Black resigns} 1-0

[Event "GambitGuide"]
[Site "Internet Chess Club"]
[Date "2014.10.31"]
[Round "1"]
[White "JSBach"]
[Black "Fianchettoed"]
[Result "1-0"]
[ICCResult "Black resigns"]
[WhiteElo "1590"]
[BlackElo "1450"]
[Opening "Vienna: `Frankenstein-Dracula' variation"]
[ECO "C27"]
[NIC "VG.02"]
[Time "11:17:34"]
[TimeControl "120+12"]

1. e4 e5 2. Nc3 Nf6 3. Bc4 Nxe4 4. Qh5 Nd6 5. Bb3 Nc6 6. Nb5 g6 7. Qf3 f5 8.
Qd5 Qe7 9. Nxc7+ Kd8 10. Nxa8 b6 11. d3 Bg7 12. h4 h6 13. Ba4 Re8 14. Bxc6
dxc6 15. Qb3 e4 16. d4 Bxd4 17. Bxh6 e3 18. fxe3 Bxe3 19. Bxe3 Qxe3+ 20.
Qxe3 Rxe3+ 21. Kf2 {Black resigns} 1-0

[Event "GambitGuide"]
[Site "Internet Chess Club"]
[Date "2014.10.31"]
[Round "1"]
[White "JSBach"]
[Black "Ahora"]
[Result "0-1"]
[ICCResult "White checkmated"]
[WhiteElo "1590"]
[BlackElo "2025"]
[Opening "Vienna: `Frankenstein-Dracula' variation"]
[ECO "C27"]
[NIC "VG.02"]
[Time "11:16:53"]
[TimeControl "120+12"]

1. e4 e5 2. Nc3 Nf6 3. Bc4 Nxe4 4. Qh5 Nd6 5. Bb3 Nc6 6. Nb5 g6 7. Qf3 f5 8.
Qd5 Qe7 9. Nxc7+ Kd8 10. Nxa8 b6 11. d3 Bb7 12. Nxb6 axb6 13. Qf3 Nd4 14.
Qh3 Kc7 15. Qg3 f4 16. Qg4 Nxb3 17. axb3 Qe6 18. Qxe6 dxe6 19. f3 Nf5 20.
Ne2 g5 21. Ra7 Bc5 22. c3 Ne3 23. Bxe3 Bxe3 24. Kd1 Ra8 25. Rxa8 Bxa8 26.
Kc2 Bc6 27. Ra1 h5 28. Ra7+ Kd6 29. Rg7 Bb5 30. c4 Bc6 31. Rxg5 e4 32. fxe4
f3 33. e5+ Ke7 34. Rxh5 fxe2 35. Rh7+ Kf8 36. Rh8+ Kg7 37. Rc8 e1=Q 38. Rc7+
Kg6 39. Rg7+ Kxg7 40. b4 Qd2+ 41. Kb1 Bd4 42. b5 Qxb2# {White checkmated}
0-1

[Event "GambitGuide"]
[Site "Internet Chess Club"]
[Date "2014.10.31"]
[Round "1"]
[White "JSBach"]
[Black "nsideurheadbro"]
[Result "1-0"]
[ICCResult "Black checkmated"]
[WhiteElo "1602"]
[BlackElo "1184"]
[Opening "Vienna: `Frankenstein-Dracula' variation"]
[ECO "C27"]
[NIC "VG.02"]
[Time "11:16:55"]
[TimeControl "120+12"]

1. e4 e5 2. Nc3 Nf6 3. Bc4 Nxe4 4. Qh5 Nd6 5. Bb3 Nc6 6. Nb5 g6 7. Qf3 f5 8.
Qd5 Qe7 9. Nxc7+ Kd8 10. Nxa8 b6 11. d3 Bb7 12. Nxb6 axb6 13. Qf3 Nd4 14.
Qg3 f4 15. Qg4 Bh6 16. Ba4 f3 17. Nxf3 Bxc1 18. Rxc1 e4 19. Nxd4 exd3+ 20.
Kd1 dxc2+ 21. Rxc2 Rf8 22. Re1 Ne4 23. f3 Nf2+ 24. Rxf2 Qb4 25. Qxd7#
{Black checkmated}
1-0

[Event "GambitGuide"]
[Site "Internet Chess Club"]
[Date "2014.10.31"]
[Round "1"]
[White "JSBach"]
[Black "Zwischenzug"]
[Result "1-0"]
[ICCResult "Black resigns"]
[WhiteElo "1624"]
[BlackElo "1743"]
[Opening "Vienna: `Frankenstein-Dracula' variation"]
[ECO "C27"]
[NIC "VG.02"]
[Time "11:18:15"]
[TimeControl "120+12"]

1. e4 e5 2. Nc3 Nf6 3. Bc4 Nxe4 4. Qh5 Nd6 5. Bb3 Nc6 6. Nb5 g6 7. Qf3 f5 8.
Qd5 Qe7 9. Nxc7+ Kd8 10. Nxa8 b6 11. d3 Bb7 12. Nxb6 axb6 13. Qf3 Nd4 14.
Qh3 e4 15. Be3 exd3 16. O-O-O Nxb3+ 17. cxb3 Ne4 18. Bxb6+ Kc8 19. Rxd3 h5
20. f3 Bh6+ 21. Kd1 Re8 22. fxe4 Qxe4 23. Qg3 Bf4 24. Rc3+ Kb8 25. Bc7+ Ka8
26. Bxf4 Qd4+ 27. Kc1 Bxg2 28. Qxg2+ {Black resigns} 1-0

[Event "GambitGuide"]
[Site "Internet Chess Club"]
[Date "2014.10.31"]
[Round "1"]
[White "JSBach"]
[Black "Fifo25"]
[Result "1-0"]
[ICCResult "Black resigns"]
[WhiteElo "1624"]
[BlackElo "1509"]
[Opening "Vienna: `Frankenstein-Dracula' variation"]
[ECO "C27"]
[NIC "VG.02"]
[Time "11:17:42"]
[TimeControl "120+12"]

1. e4 e5 2. Nc3 Nf6 3. Bc4 Nxe4 4. Qh5 Nd6 5. Bb3 Nc6 6. Nb5 g6 7. Qf3 f5 8.
Qd5 Qe7 9. Nxc7+ Kd8 10. Nxa8 b6 11. d3 Bb7 12. Nxb6 axb6 13. Qf3 Nd4 14.
Qg3 f4 15. Qg4 N6f5 16. c3 Ne6 17. Nf3 Nc5 18. Bc4 e4 19. dxe4 Qxe4+ 20. Be2
Nd3+ 21. Kf1 Ba6 22. Ng5 Qd5 23. Bxf4 h5 24. Qf3 {Black resigns} 1-0

[Event "GambitGuide"]
[Site "Internet Chess Club"]
[Date "2014.10.31"]
[Round "1"]
[White "JSBach"]
[Black "OldNetflyer"]
[Result "1-0"]
[ICCResult "Black resigns"]
[WhiteElo "1624"]
[BlackElo "1407"]
[Opening "Vienna: `Frankenstein-Dracula' variation"]
[ECO "C27"]
[NIC "VG.02"]
[Time "11:17:36"]
[TimeControl "120+12"]

1. e4 e5 2. Nc3 Nf6 3. Bc4 Nxe4 4. Qh5 Nd6 5. Bb3 Nc6 6. Nb5 g6 7. Qf3 f5 8.
Qd5 Qe7 9. Nxc7+ Kd8 10. Nxa8 b6 11. d3 Bb7 12. Nxb6 axb6 13. Qf3 Nd4 14.
Qh3 e4 15. Be3 Nxb3 16. Bxb6+ Kc8 17. axb3 exd3+ 18. Kf1 Ne4 19. Qxd3 Qb4
20. Bd4 Nd2+ 21. Ke2 Ne4 22. Bxh8 {Black resigns} 1-0

[Event "GambitGuide"]
[Site "Internet Chess Club"]
[Date "2014.10.31"]
[Round "1"]
[White "JSBach"]
[Black "Lain"]
[Result "1-0"]
[ICCResult "Black resigns"]
[WhiteElo "1624"]
[BlackElo "2506"]
[Opening "Vienna: `Frankenstein-Dracula' variation"]
[ECO "C27"]
[NIC "VG.02"]
[Time "11:19:04"]
[TimeControl "120+12"]

1. e4 e5 2. Nc3 Nf6 3. Bc4 Nxe4 4. Qh5 Nd6 5. Bb3 Nc6 6. Nb5 g6 7. Qf3 f5 8.
Qd5 Qe7 9. Nxc7+ Kd8 10. Nxa8 b6 11. d3 Bb7 12. Nxb6 axb6 13. Qf3 Nd4 14.
Qg3 f4 15. Qg4 e4 16. Kf1 exd3 17. cxd3 Ba6 18. Qh3 f3 19. gxf3 Bxd3+ 20.
Kg2 Bf5 21. Qg3 Bg7 22. Bf4 Nf7 23. Bxf7 Qxf7 24. Bg5+ Bf6 25. Qb8+ Ke7 26.
Qxh8 Bxg5 27. Qxd4 {Black resigns} 1-0

[Event "GambitGuide"]
[Site "Internet Chess Club"]
[Date "2014.10.31"]
[Round "1"]
[White "JSBach"]
[Black "Zwischenzug"]
[Result "1-0"]
[ICCResult "Black resigns"]
[WhiteElo "1624"]
[BlackElo "1743"]
[Opening "Vienna: `Frankenstein-Dracula' variation"]
[ECO "C27"]
[NIC "VG.02"]
[Time "11:20:27"]
[TimeControl "120+12"]

1. e4 e5 2. Nc3 Nf6 3. Bc4 Nxe4 4. Qh5 Nd6 5. Bb3 Nc6 6. Nb5 g6 7. Qf3 f5 8.
Qd5 Qe7 9. Nxc7+ Kd8 10. Nxa8 b6 11. d3 e4 12. dxe4 Nxe4 13. Be3 f4 14. Nxb6
fxe3 15. O-O-O axb6 16. Qxc6 Nd2 17. Qxb6+ Ke8 18. Qxe3 Qxe3 {Black resigns}
1-0